Map: [ESL] Oceanborn

Players

DisK

  • Race: Protoss Protoss
  • Spawn Location: 11:00

Kelazhur - Winner!

  • Race: Terran Terran
  • Spawn Location: 5:00

Event: ESL SC2 Masters 2024 Spring (Regional)

VOD

Have the link to the VOD?

Description

Time

  • Played on: May 2, 2024, 2:52 p.m.
  • Length: 8:38

All games in this series

Show
View Real Time Build Order
Export as new Build Order

DisK Protoss 

Build Orders: Blink Stalkers 

Get SALT Encoding   

  12  0:00  Probe  
  13  0:12  Probe  
  14  0:17  Pylon  
  14  0:24  Probe (Chrono Boost)  
  15  0:35  Gateway  
  15  0:36  Probe (Chrono Boost)  
  16  0:45  Probe (Chrono Boost), Assimilator  
  17  0:50  Probe  
  18  1:02  Probe  
  19  1:15  Probe  
  20  1:22  Cybernetics Core  
  20  1:23  Zealot (Chrono Boost)  
  22  1:31  Pylon, Probe  
  23  1:36  Assimilator  
  23  1:49  Probe  
  24  1:59  Stalker  
  26  2:01  Probe  
  26  2:02  Warp Gate  
  26  2:13  Probe  
  27  2:22  Nexus  
  27  2:26  Probe  
  27  2:29  Twilight Council  
  28  2:38  Probe (Chrono Boost)  
  28  2:41  Pylon  
  29  2:49  Probe (Chrono Boost)  
  30  2:54  Probe (Chrono Boost)  
  31  3:01  Blink (Chrono Boost)  
  31  3:04  Probe  
  32  3:05  Stalker  
  34  3:16  Probe  
  35  3:24  Gateway  
  35  3:26  Robotics Facility  
  35  3:29  Probe  
  36  3:40  Gateway  
  34  3:41  Probe  
  34  3:46  Probe  
  36  3:52  Shield Battery  
  36  3:56  Stalker  
  36  3:58  Probe  
  36  4:01  Shield Battery  
  36  4:02  Probe  
  40  4:10  Probe  
  40  4:14  Probe  
  41  4:22  Stalker x2  
  42  4:24  Probe  
  42  4:26  Probe  
  43  4:36  Stalker, Probe (Chrono Boost)  
  43  4:37  Observer  
  48  4:38  Probe (Chrono Boost)  
  48  4:44  Pylon  
  48  4:47  Probe (Chrono Boost)  
  48  4:48  Probe (Chrono Boost)  
  48  4:52  Probe (Chrono Boost)  
  50  4:53  Probe (Chrono Boost)  
  50  4:57  Observer  
  53  5:03  Probe  
  53  5:04  Probe  
  55  5:08  Nexus  
  55  5:12  Pylon  
  55  5:15  Probe  
  55  5:19  Forge  
  55  5:21  Stalker  
  55  5:22  Observer  
  55  5:26  Probe (Chrono Boost)  
  52  5:32  Observer  
  52  5:34  Probe (Chrono Boost)  
  53  5:37  Charge  
  53  5:38  Probe (Chrono Boost)  
  55  5:45  Probe x2 (Chrono Boost)  
  55  5:49  Protoss Ground Weapons Level 1 (Chrono Boost)  
  56  5:52  Probe  
  56  5:54  Gateway, Probe  
  56  5:55  Observer  
  56  6:05  Probe  
  56  6:09  Probe  
  56  6:10  Stalker x3  
  60  6:12  Assimilator  
  60  6:17  Gateway  
  60  6:21  Gateway  
  60  6:24  Probe (Chrono Boost)  
  63  6:27  Probe x2 (Chrono Boost)  
  64  6:33  Gateway, Probe (Chrono Boost)  
  64  6:38  Gateway  
  64  6:42  Stalker  
  59  6:52  Probe (Chrono Boost)  
  59  6:56  Probe (Chrono Boost)  
  59  7:00  Sentry  
  59  7:01  Probe (Chrono Boost), Sentry x2  
  66  7:04  Shield Battery  
  66  7:06  Observer, Shield Battery  
  66  7:07  Probe (Chrono Boost)  
  66  7:08  Probe (Chrono Boost)  
  69  7:09  Probe (Chrono Boost)  
  69  7:19  Zealot x3  
  71  7:30  Zealot x4  
  79  7:37  Zealot  
  79  7:40  Zealot x2  
  79  7:43  Zealot  
  75  7:53  Zealot x4  
  73  8:03  Zealot x3  
  73  8:04  Zealot  
  55  8:13  Stalker x3  
  61  8:24  Zealot x4  
  54  8:28  Stalker  
Show
View Real Time Build Order
Export as new Build Order

Kelazhur Terran - Winner!

Build Orders: Hellion Opening 

Get SALT Encoding   

  12  0:00  SCV  
  13  0:12  SCV  
  14  0:16  Supply Depot  
  14  0:24  SCV  
  15  0:38  SCV  
  15  0:39  Barracks  
  16  0:44  Refinery  
  16  0:50  SCV  
  17  0:59  Engineering Bay  
  17  1:02  SCV  
  18  1:14  SCV  
  19  1:26  Orbital Command  
  19  1:27  Reaper  
  20  1:52  SCV  
  21  2:00  Command Center  
  21  2:01  Marine  
  21  2:04  SCV  
  23  2:13  Factory  
  23  2:20  Supply Depot  
  23  2:22  Barracks Reactor  
  23  2:25  Refinery  
  23  2:41  SCV  
  24  2:53  SCV  
  24  2:57  Starport  
  24  3:04  Hellion x2  
  28  3:05  SCV  
  28  3:12  Orbital Command, Marine  
  30  3:18  SCV  
  31  3:26  Hellion x2  
  35  3:30  SCV  
  35  3:32  Orbital Command  
  35  3:34  Medivac  
  38  3:42  SCV, Barracks Tech Lab  
  38  3:45  Supply Depot  
  38  3:47  Hellion  
  41  3:49  Hellion  
  41  3:54  SCV  
  44  3:58  Bunker  
  44  3:59  SCV  
  45  4:06  SCV  
  46  4:12  SCV  
  47  4:18  SCV  
  47  4:21  Siege Tank  
  47  4:23  Marine x2  
  47  4:24  SCV  
  52  4:28  Supply Depot  
  52  4:30  SCV  
  53  4:36  SCV  
  53  4:37  Supply Depot  
  54  4:45  Barracks  
  54  4:47  Barracks  
  54  4:49  Marine x2  
  54  4:50  SCV x2  
  54  4:51  Supply Depot  
  58  4:53  Siege Tank  
  61  5:02  SCV, Supply Depot  
  61  5:04  SCV  
  63  5:13  Marine  
  63  5:14  SCV, Refinery, Marine  
  65  5:15  Engineering Bay, Refinery  
  65  5:25  Siege Tank  
  66  5:28  SCV  
  66  5:31  SCV  
  64  5:36  Marine  
  64  5:37  Marine  
  64  5:39  Barracks Tech Lab  
  64  5:40  SCV  
  67  5:43  Starport Reactor  
  67  5:44  Terran Infantry Weapons Level 1  
  67  5:45  SCV  
  67  5:46  Barracks Tech Lab  
  68  5:52  Supply Depot  
  68  5:53  SCV, Supply Depot  
  68  5:55  Marine x2  
  70  5:58  SCV  
  70  5:59  Stimpack, Marauder  
  70  6:08  Combat Shield  
  70  6:09  Marauder  
  73  6:11  SCV x2  
  73  6:13  Siege Tank, Marine  
  73  6:14  Marine  
  79  6:20  Medivac, Marine  
  79  6:23  SCV, Supply Depot  
  79  6:24  SCV  
  79  6:25  Medivac  
  86  6:31  Marauder  
  88  6:36  SCV x2, Marine  
  88  6:37  Supply Depot  
  88  6:39  Marauder  
  93  6:50  SCV  
  93  6:52  Siege Tank, Marauder  
  95  6:56  Marine x2  
  95  6:58  Medivac  
  95  6:59  Medivac  
  101  7:05  Command Center  
  101  7:07  Marauder  
  101  7:19  Marine x2  
  101  7:20  Marauder  
  104  7:28  Siege Tank  
  105  7:30  Marauder, Concussive Shells  
  105  7:34  SCV x2  
  105  7:36  Barracks  
  109  7:38  Barracks  
  109  7:43  Supply Depot  
  109  7:49  Marauder, Marine x2  
  108  7:54  Marauder  
  92  8:06  Marine  
  92  8:07  SCV  
  92  8:08  SCV  
  92  8:11  Marauder  
  101  8:16  Armory  
  100  8:20  SCV  
  102  8:34  Factory Reactor  
Tags
 
Add a new tag
Caveats
  • Supply blocks, unpowered buildings, or Contaminate may cause inaccurate times.
  • Supply counts are checked every 10 seconds.